 Dungeon Crawl Stone Soup version 0.31-a0-692-gf03d1854d5 (webtiles) character file.

Game seed: 8033645169775225163

179527 qw the Marksgargoyle (level 18, -6/129 HPs)
             Began as a Gargoyle Hunter on Sept 6, 2023.
             Mangled by a nagaraja
             ... wielding a +0 spear
              (28 damage)
             ... on level 4 of the Snake Pit.
             The game lasted 00:16:33 (28400 turns).

qw the Marksgargoyle (Gargoyle Hunter)             Turns: 28400, Time: 00:16:34

Health: -6/129     AC: 33    Str: 17    XL:     18   Next: 24%
Magic:  18/18      EV: 32    Int: 10    God:
Gold:   2567       SH:  5    Dex: 28    Spells: 17/17 levels left

rFire   . . .        d - +2 longbow (heavy)
rCold   + . .        (shield currently unavailable)
rNeg    + . .        b - +3 robe of the Ant {Drain Slay+5}
rPois   inf          i - +2 helmet
rElec   +            t - +1 cloak
rCorr   .            n - +2 pair of gloves {Dex+3}
SInv    .            r - +3 pair of mountain boots {steadfast, rC+}
Will    +....        v - amulet of reflection
Stlth   ++           l - +6 ring of dexterity
HPRegen 0.41/turn    k - +5 ring of evasion
MPRegen 0.16/turn

%: reflection
@: about to teleport, flying
A: sickness immunity, AC +13, big wings, negative energy resistance 1,
electricity resistance, torment resistance 1, petrification resistance
a: no special abilities


You were on level 4 of the Snake Pit.
You visited 6 branches of the dungeon, and saw 30 of its levels.
You also visited: Sewer and Gauntlet.

You collected 4327 gold pieces.
You spent 1760 gold pieces at shops.


Innate Abilities, Weirdness & Mutations

You are immune to sickness and miasma.
Your stone body is resilient. (AC +13)
You are immune to poison.
Your large and strong wings let you fly.
You resist negative energy. (rN+)
You are resistant to electric shocks. (rElec)
You are resistant to unholy torment.
You are immune to petrification.


   Skills:
 - Level 20.0 Fighting
 - Level 20.0 Ranged Weapons
 - Level 9.0 Armour
 + Level 14.2 Dodging
 - Level 1.1 Stealth


You had 17 spell levels left.
You didn't know any spells.
Your spell library was empty.

Inventory:

Hand Weapons
 d - a +2 heavy longbow (weapon)
Armour
 b - the +3 robe of the Ant (worn) {Drain Slay+5}
   (You found it on level 1 of the Lair of Beasts)

   Slay+5:    It affects your accuracy & damage with ranged weapons and melee
   (+5).
   Drain:     It drains your maximum health when unequipped.
 i - a +2 helmet (worn)
 n - a +2 pair of gloves of dexterity (worn)
 r - the +3 pair of mountain boots (worn) {steadfast, rC+}
   (You acquired it on level 2 of the Orcish Mines)

   Steadfast: It prevents involuntary movement, except for blinking,
   teleportation, or banishment.
   rC+:       It protects you from cold.
 t - a +1 cloak (worn)
Jewellery
 j - a ring of protection from fire
 k - a +5 ring of evasion (right hand)
 l - a +6 ring of dexterity (left hand)
 v - an amulet of reflection (around neck)
Wands
 q - a wand of digging (6)
Scrolls
 g - 8 scrolls of teleportation
 p - 19 scrolls of identify
Potions
 c - a potion of haste
 e - 3 potions of enlightenment
 f - 3 potions of might
 h - 2 potions of resistance
 m - 3 potions of curing
 o - 3 potions of cancellation
 s - 2 potions of mutation
 u - 2 potions of heal wounds

Dungeon Overview and Level Annotations

Branches:
Dungeon (15/15)            Temple (1/1) D:4            Lair (5/5) D:11
 Shoals (3/4) Lair:3        Snake (4/4) Lair:3        Slime (0/5) Lair:5
    Orc (2/2) D:11            Elf (0/3) Orc:2        Vaults (0/5) D:13
 Depths (0/4) D:15          Sewer (visited)         Gauntlet (visited)

Altars:
Ashenzari
Cheibriados
Dithmenos
Elyvilon
Fedhas
Gozag
Hepliaklqana
Kikubaaqudgha
Makhleb
Nemelex Xobeh
Qazlal
Ru
Sif Muna
Trog
Uskayaw
Vehumet
Wu Jian
Xom
Zin
The Shining One
Jiyva

Shops:
D:2 **[   D:6 :   D:15 [   Orc:2 :[((?   Shoals:3 (   Snake:4 [*

Annotations:
D:3 2 runed translucent doors
D:5 3 runed translucent doors, qw's ghost, novice MiHs
Lair:3 1 runed translucent door, qw's ghost, journeyman GrHu
Snake:4 2 runed translucent doors, qw's ghost, adept GrFi


Message History

The guardian serpent barely misses you.
The nagaraja points at you and mumbles some strange words.
The poison arrow hits you! You partially resist.
The naga mage gestures at the naga warrior while chanting.
The naga warrior seems to grow toxic.
You hear a shout!
You shoot an arrow. The arrow barely misses the naga mage.
You feel yourself speed up.
The naga mage no longer looks unusually strong. x2
The guardian serpent casts a spell at you.
The naga warrior blinks!
The naga mage blinks!
The nagaraja barely misses you.
The naga warrior hits you with a +0 flail.
The naga warrior misses you. The naga mage spits poison at you.
The splash of poison hits you but does no damage.
You resist. The guardian serpent misses you.
The nagaraja gestures at you while chanting.
The bolt of poison hits the naga warrior!
The bolt of poison hits you but does no damage.
You resist. The naga mage closely misses you. x2
The naga warrior hits you with a +0 flail.
The naga warrior closely misses you.
You shoot an arrow. The arrow hits the naga mage!!
You kill the naga mage!
The guardian serpent completely misses you.
The nagaraja hits you from afar with a +0 spear!
The naga mage closely misses you. x2
The naga warrior spits poison at you. The splash of poison misses you.
The naga warrior completely misses you. x2
The guardian serpent casts a spell at you.
The bolt of poison hits you but does no damage.
You resist.
The nagaraja hits you but does no damage.
28400 ||| READING 9 scrolls of teleportation.
As you read the scroll of teleportation, it crumbles to dust.
You feel strangely unstable. You block the naga mage's attack.
The naga mage completely misses you.
The guardian serpent completely misses you.
The nagaraja hits you from afar with a +0 spear!!
You die...

##..##.##....###..##.##...
#.##..#.....##...##.#....
N.####..#..#).##...#.#.....
...#.##.#..#.)#....#.#.....
...=..#.#..#.)#........#.#.
}..S..#.#..#.).#....).#..#.
SS..###.)#........#..#.##
#...##N)#.........#...##
#...#NN@#...#....#..###.
#..S.NSN##..#....#.#..#.
##.....#####.)...#..####
##....#...###...####### /.
##..##.....##..##...## ...
#####....!..#.........
...#............#.......#
..#.#....[....#..#......##
#..#..........####......##


You could see a nagaraja (fast, strong, curare), 3 naga warriors, an anaconda, a
guardian serpent and a naga mage (fast).

Vanquished Creatures
  A kraken (Shoals:1)
  Polyphemus (Shoals:2)
  Ilsuiw (Shoals:2)
  Donald (Orc:2)
  4 nagarajas
  Louise (D:15)
  2 orc warlords
  A juggernaut zombie (D:15)
  A minotaur (Gauntlet)
  Azrael (Orc:2)
  A merfolk javelineer (Shoals:2)
  An ettin (Orc:2)
  A green death (Gauntlet)
  4 merfolk impalers
  2 spectral krakens (Shoals:3)
  Harold (D:11)
  5 hydras
  3 salamander tyrants
  2 catoblepae
  2 merfolk avatars
  4 centaur warriors
  An alligator snapping turtle (Shoals:3)
  3 ghost crabs (Shoals:3)
  3 two-headed ogres
  4 boulder beetles
  11 naga warriors
  3 tengu warriors (D:13)
  8 death yaks
  2 satyrs (Shoals:3)
  10 anacondas
  4 naga sharpshooters
  4 shock serpents
  Urug (D:13)
  Sonja (Lair:1)
  6 skeletal warriors
  Nergalle (D:10)
  8 skysharks
  Amaemon (Lair:1)
  Lodul (D:9)
  4 salamander mystics
  10 sea snakes
  11 harpies (Shoals:1)
  A phantasmal warrior (D:14)
  5 naga ritualists
  9 orc knights (Orc:2)
  An orc sorcerer (Orc:2)
  A necromancer (D:14)
  4 ugly things
  2 cyclopes
  4 mana vipers
  10 fauns
  A frost giant zombie (D:15)
  18 salamanders
  An oklob plant (Gauntlet)
  19 black mambas
  4 merfolk sirens
  20 elephants
  2 stone giant skeletons (D:15)
  8 manticores
  6 guardian serpents
  5 water nymphs
  14 naga magi
  14 cane toads
  3 orange demons
  An unseen horror (D:10)
  2 rime drakes (Lair:5)
  A tengu conjurer (D:13)
  Psyche (D:10)
  9 komodo dragons
  2 yaktaurs
  3 spectral water nymphs (Shoals:3)
  18 merfolk
  4 polar bears
  33 blink frogs
  A wind drake (Shoals:1)
  Prince Ribbit (D:7)
  A queen bee (Gauntlet)
  5 trolls
  2 hornets (D:10)
  2 spectral merfolk (Shoals:3)
  Grinder (Sewer)
  A spectral manticore (Shoals:3)
  5 snapping turtles
  3 dream sheep (Shoals:3)
  2 slime creatures (D:12)
  2 water elementals
  A spriggan (shapeshifter) (D:14)
  3 shadows
  A spectral wind drake (Shoals:3)
  16 humans (D:13)
  4 wyverns
  41 yaks
  A wraith (D:10)
  3 fire elementals (Orc:2)
  2 basilisks (D:13)
  3 vampire mosquitoes (D:14)
  A steam dragon (D:9)
  27 nagas
  6 wargs
  3 acid dragons
  4 hell hounds (Orc:2)
  20 water moccasins
  2 ice beasts
  41 orc warriors
  A black bear (D:7)
  14 ogres
  2 sky beasts
  15 centaurs
  3 kobold brigands
  Blork the orc (D:6)
  A necrophage (Sewer)
  6 bullfrogs
  3 scorpions
  11 wights
  7 killer bees
  20 howler monkeys
  An electric eel (Lair:4)
  4 crimson imps (D:11)
  14 orc priests
  A jelly (D:5)
  2 hounds
  Ijyb (D:3)
  A sleepcap (D:5)
  3 gnoll boudas
  6 iguanas
  26 orc wizards
  16 gnolls
  A river rat (D:3)
  3 adders
  4 shadow imps
  6 white imps
  7 ufetubi
  6 worms
  4 dart slugs
  101 orcs
  6 bats
  12 endoplasms
  5 giant cockroaches
  18 goblins
  7 hobgoblins
  6 jackals (D:1)
  25 kobolds
  6 quokkas
  9 ball pythons
  7 frilled lizards
  3 rats
  6 tentacles
969 creatures vanquished.

Vanquished Creatures (others)
  A wind drake (Shoals:3)
  An orc wizard (Orc:2)
  12 tentacles
14 creatures vanquished.

Grand Total: 983 creatures vanquished

Notes
Turn   | Place    | Note
-------+----------+-------------------------------------------
     0 | D:1      | qw the Gargoyle Hunter began the quest for the Orb.
     0 | D:1      | Reached XP level 1. HP: 12/12 MP: 1/1
     0 | D:1      | 0 ||| qw: Version: 0.3-a-76-g4403597
     0 | D:1      | 0 ||| qw: Game counter: 71
     0 | D:1      | 0 ||| qw: Melee chars always use a shield: true
     0 | D:1      | 0 ||| qw: God list: Okawaru
     0 | D:1      | 0 ||| qw: Allow faded altars: false
     0 | D:1      | 0 ||| qw: Do Orc after clearing Dungeon:15 true
     0 | D:1      | 0 ||| qw: Do second Lair branch before Depths: true
     0 | D:1      | 0 ||| qw: Lair rune preference: random
     0 | D:1      | 0 ||| qw: Goals: Normal
     0 | D:1      | 0 ||| PLANNING D:1-11
   119 | D:1      | Reached XP level 2. HP: 17/17 MP: 2/2
   457 | D:1      | Reached XP level 3. HP: 16/21 MP: 3/3
   763 | D:1      | 763 ||| UPGRADING to +0 helmet.
   768 | D:1      | 768 ||| READING scroll labelled LEEDAE BEACH.
   769 | D:1      | 769 ||| READING 3 scrolls labelled QAIZYCLEUF.
   770 | D:1      | 770 ||| READING 2 scrolls labelled WIVODU HEMIXON.
   773 | D:1      | 773 ||| DROPPING scroll of butterflies.
   774 | D:1      | 774 ||| DROPPING 2 scrolls of amnesia.
   852 | D:2      | Found Burozxurr's General Store.
   860 | D:2      | 860 ||| SHOPLISTING +2 robe of positive energy (191 gold,
                  | have 82).
   860 | D:2      | 860 ||| BUYING scroll of teleportation (39 gold).
   860 | D:2      | Bought a scroll of teleportation for 39 gold pieces
   863 | D:2      | Found Erchudap's Assorted Antiques.
   872 | D:2      | 872 ||| BUYING amethyst potion (24 gold).
   872 | D:2      | Bought an amethyst potion for 24 gold pieces
   872 | D:2      | 872 ||| SHOPLISTING coppery potion (24 gold, have 19).
   872 | D:2      | 872 ||| SHOPLISTING emerald ring (135 gold, have 19).
   872 | D:2      | 872 ||| SHOPLISTING glowing robe (99 gold, have 19).
   872 | D:2      | 872 ||| SHOPLISTING scroll labelled JEITIUFUUTT (27 gold,
                  | have 19).
   872 | D:2      | 872 ||| SHOPLISTING smoky orange potion (24 gold, have 19).
   907 | D:2      | Reached skill level 3 in Fighting
  1056 | D:2      | Reached XP level 4. HP: 28/28 MP: 4/4
  1056 | D:2      | Identified the +2 spear "Oromam" {flame, *Corrode rF- rC+
                  | Dex+9}
  1170 | D:2      | Identified the +5 hand axe of Domination {drain, *Rage rC+
                  | Str+4}
  1219 | D:2      | Found Xuonysuu's Antique Armour Shop.
  1231 | D:2      | 1231 ||| SHOPLISTING embroidered robe (81 gold, have 36).
  1231 | D:2      | 1231 ||| SHOPLISTING embroidered scarf (176 gold, have 36).
  1231 | D:2      | 1231 ||| SHOPLISTING pair of boots (99 gold, have 36).
  1231 | D:2      | 1231 ||| SHOPLISTING pair of embroidered gloves (165 gold,
                  | have 36).
  1231 | D:2      | 1231 ||| SHOPLISTING runed robe (81 gold, have 36).
  1235 | D:2      | 1235 ||| UPGRADING to +0 ring mail.
  1245 | D:2      | 1245 ||| DROPPING +0 leather armour.
  1246 | D:2      | 1246 ||| UPGRADING to ring of protection from fire.
  1247 | D:2      | 1247 ||| READING scroll labelled MAROVE CAGOE.
  1267 | D:2      | 1267 ||| READING scroll labelled CIYG JEEDOK.
  1267 | D:2      | Identified a scroll of acquirement
  1267 | D:2      | 1267 ||| ACQUIRING +6 orcbow of electrocution
  1267 | D:2      | Acquired a +6 orcbow of electrocution
  1269 | D:2      | 1269 ||| SWAPPING to +6 orcbow of electrocution.
  1270 | D:2      | 1270 ||| DROPPING +0 shortbow.
  1271 | D:2      | 1271 ||| READING scroll labelled NEIRUAW MATUG.
  1272 | D:2      | 1272 ||| READING 2 scrolls labelled SOPLAULICS.
  1273 | D:2      | 1273 ||| READING 2 scrolls labelled JEITIUFUUTT.
  1274 | D:2      | 1274 ||| DRINKING 2 lumpy pink potions.
  1275 | D:2      | 1275 ||| DROPPING scroll of revelation.
  1299 | D:3      | 1299 ||| PLANNING SEWER
  1326 | D:3      | Found a stormy altar of Qazlal.
  1326 | D:3      | Noticed a sky beast
  1332 | D:3      | Killed a sky beast
  1333 | D:3      | Reached skill level 3 in Armour
  1333 | D:3      | Reached XP level 5. HP: 32/32 MP: 5/5
  1384 | D:3      | Found a large runed translucent door.
  1384 | D:3      | Found a large runed translucent door.
  1385 | D:3      | Noticed Ijyb
  1388 | D:3      | Killed Ijyb
  1549 | D:3      | Reached XP level 6. HP: 37/37 MP: 6/6
  1665 | D:3      | Found a faded altar of an unknown god.
  1802 | D:3      | Reached skill level 6 in Ranged Weapons
  1825 | D:3      | 1825 ||| Stepping ~*~*~tactically~*~*~ (water).
  1857 | D:3      | Found a glowing drain.
  1861 | Sewer    | Entered a sewer
  1948 | Sewer    | Found an ancient bone altar of Kikubaaqudgha.
  2033 | Sewer    | Reached XP level 7. HP: 44/44 MP: 7/7
  2057 | Sewer    | Noticed Grinder
  2077 | Sewer    | Killed Grinder
  2221 | Sewer    | 2221 ||| READING scroll labelled RACKEG CEKOTUS.
  2222 | Sewer    | 2222 ||| READING scroll labelled IDIEMN LONA.
  2223 | Sewer    | 2223 ||| DRINKING 2 amethyst potions.
  2224 | Sewer    | 2224 ||| DRINKING 2 golden potions.
  2225 | Sewer    | 2225 ||| READING 2 scrolls of identify.
  2225 | Sewer    | 2225 ||| IDENTIFYING fizzy yellow potion
  2226 | Sewer    | 2226 ||| DROPPING potion of berserk rage.
  2257 | D:3      | 2257 ||| PLANNING D:1-11
  2430 | D:3      | 2430 ||| UPGRADING to +0 pair of gloves.
  2473 | D:3      | 2473 ||| READING 3 scrolls of identify.
  2473 | D:3      | 2473 ||| IDENTIFYING fuming amethyst potion
  2474 | D:3      | 2474 ||| READING 2 scrolls of identify.
  2474 | D:3      | 2474 ||| IDENTIFYING glowing sapphire potion
  2711 | D:4      | Found a staircase to the Ecumenical Temple.
  2712 | D:4      | 2712 ||| PLANNING TEMPLE
  2720 | Temple   | Entered the Ecumenical Temple
  2721 | Temple   | 2721 ||| PLANNING D:1-11
  2858 | D:4      | Reached XP level 8. HP: 41/48 MP: 8/8
  3008 | D:4      | Identified the +6 dagger "Goblin's Death Toll" {venom,
                  | Int+4}
  3180 | D:5      | Entered Level 5 of the Dungeon
  3221 | D:5      | Reached skill level 9 in Ranged Weapons
  3276 | D:5      | Found a runed translucent gate.
  3278 | D:5      | Found a runed translucent gate.
  3279 | D:5      | Identified the +1 spear of Disintegration {drain, Int+6}
  3279 | D:5      | Identified the +0 scale mail "Tycouj" {rC+ Regen+}
  3280 | D:5      | Noticed qw's ghost (novice MiHs)
  3280 | D:5      | Found a runed translucent gate.
  3327 | D:5      | Found a glowing golden altar of the Shining One.
  3334 | D:5      | Found a sparkling altar of Nemelex Xobeh.
  3415 | D:5      | 3415 ||| RETREATING.
  3422 | D:5      | Reached skill level 6 in Fighting
  3852 | D:5      | 3852 ||| UPGRADING to ring of protection from cold.
  3853 | D:5      | 3853 ||| READING scroll labelled TAH ETESMIME.
  3854 | D:5      | 3854 ||| DRINKING 2 pink potions.
  3855 | D:5      | 3855 ||| DROPPING potion of brilliance.
  3886 | D:6      | Noticed Blork the orc
  3893 | D:6      | Killed Blork the orc
  3999 | D:6      | Found Foelojuo's Book Boutique.
  4009 | D:6      | 4009 ||| DRINKING 2 potions of curing.
  4009 | D:6      | 4009 ||| (to cure confusion)
  4011 | D:6      | 4011 ||| DRINKING potion of curing.
  4011 | D:6      | 4011 ||| (to cure confusion)
  4033 | D:6      | Reached XP level 9. HP: 55/55 MP: 9/9
  4243 | D:6      | 4243 ||| Stepping ~*~*~tactically~*~*~ (outnumbered).
  4246 | D:6      | 4246 ||| Stepping ~*~*~tactically~*~*~ (outnumbered).
  4250 | D:6      | 4250 ||| Stepping ~*~*~tactically~*~*~ (outnumbered).
  4376 | D:6      | 4376 ||| UPGRADING to +0 pair of boots.
  4381 | D:6      | 4381 ||| DROPPING ring of flight.
  4382 | D:6      | 4382 ||| READING scroll labelled TUTRULAOF.
  4483 | D:6      | 4483 ||| READING scroll labelled GAPSIR SODAIPH.
  4484 | D:6      | 4484 ||| READING 3 scrolls of identify.
  4484 | D:6      | 4484 ||| IDENTIFYING fuming purple potion
  4485 | D:6      | 4485 ||| READING 2 scrolls of identify.
  4485 | D:6      | 4485 ||| IDENTIFYING fuming puce potion
  4486 | D:6      | 4486 ||| DROPPING potion of degeneration.
  4621 | D:7      | 4621 ||| Stepping ~*~*~tactically~*~*~ (outnumbered).
  4737 | D:7      | Noticed Prince Ribbit
  4747 | D:7      | Killed Prince Ribbit
  4849 | D:7      | Reached skill level 3 in Dodging
  4856 | D:7      | 4856 ||| Stepping ~*~*~tactically~*~*~ (retreating).
  5270 | D:8      | Reached XP level 10. HP: 64/64 MP: 10/10
  5283 | D:8      | 5283 ||| Stepping ~*~*~tactically~*~*~ (water).
  5284 | D:8      | 5284 ||| Stepping ~*~*~tactically~*~*~ (outnumbered).
  5287 | D:8      | 5287 ||| Stepping ~*~*~tactically~*~*~ (outnumbered).
  5533 | D:8      | Found a flagged portal.
  5534 | D:8      | 5534 ||| Stepping ~*~*~tactically~*~*~ (water).
  5598 | D:8      | Reached skill level 12 in Ranged Weapons
  5738 | D:8      | Noticed a two-headed ogre
  5747 | D:8      | Killed a two-headed ogre
  6152 | D:8      | 6152 ||| Stepping ~*~*~tactically~*~*~ (outnumbered).
  6153 | D:8      | 6153 ||| Stepping ~*~*~tactically~*~*~ (outnumbered).
  6155 | D:8      | 6155 ||| Stepping ~*~*~tactically~*~*~ (outnumbered).
  6377 | D:8      | 6377 ||| UPGRADING to +5 ring of evasion.
  6379 | D:8      | 6379 ||| READING scroll labelled OCIJEGI EHAM.
  6409 | D:9      | 6409 ||| STAIRDANCE
  6411 | D:9      | 6411 ||| STAIRDANCE
  6413 | D:9      | 6413 ||| STAIRDANCE
  6415 | D:9      | 6415 ||| STAIRDANCE
  6473 | D:9      | 6473 ||| STAIRDANCE
  6522 | D:9      | 6522 ||| Stepping ~*~*~tactically~*~*~ (outnumbered).
  6604 | D:9      | 6604 ||| Stepping ~*~*~tactically~*~*~ (outnumbered).
  6812 | D:9      | 6812 ||| Stepping ~*~*~tactically~*~*~ (outnumbered).
  6815 | D:9      | 6815 ||| Stepping ~*~*~tactically~*~*~ (outnumbered).
  6820 | D:9      | Reached skill level 9 in Fighting
  6889 | D:9      | 6889 ||| DRINKING 2 coppery potions.
  6890 | D:9      | 6890 ||| READING 3 scrolls of identify.
  6890 | D:9      | 6890 ||| IDENTIFYING fizzy coppery potion
  6891 | D:9      | 6891 ||| READING 2 scrolls of identify.
  6891 | D:9      | 6891 ||| IDENTIFYING fuming grey potion
  6892 | D:9      | 6892 ||| DROPPING potion of attraction.
  6893 | D:9      | 6893 ||| DROPPING potion of lignification.
  6907 | D:10     | Entered Level 10 of the Dungeon
  6907 | D:10     | Noticed Lodul
  6908 | D:10     | 6908 ||| STAIRDANCE
  6914 | D:9      | Killed Lodul
  6915 | D:9      | 6915 ||| Stepping ~*~*~tactically~*~*~ (retreating).
  6916 | D:9      | 6916 ||| Stepping ~*~*~tactically~*~*~ (retreating).
  6917 | D:9      | 6917 ||| Stepping ~*~*~tactically~*~*~ (retreating).
  6918 | D:9      | 6918 ||| Stepping ~*~*~tactically~*~*~ (retreating).
  7053 | D:10     | 7053 ||| STAIRDANCE
  7057 | D:9      | 7057 ||| Stepping ~*~*~tactically~*~*~ (retreating).
  7058 | D:9      | 7058 ||| Stepping ~*~*~tactically~*~*~ (retreating).
  7065 | D:9      | Reached XP level 11. HP: 38/71 MP: 11/11
  7335 | D:10     | Found a burning altar of Makhleb.
  7339 | D:10     | Noticed a blizzard demon
  7342 | D:10     | 7342 ||| READING scroll of enchant weapon.
  7342 | D:10     | 7342 ||| ENCHANTING +7 orcbow of electrocution.
  7347 | D:10     | Found a glowing silver altar of Zin.
  7347 | D:10     | Noticed an angel
  7351 | D:10     | Noticed Nergalle
  7353 | D:10     | 7353 ||| RETREATING.
  7354 | D:10     | 7354 ||| Stepping ~*~*~tactically~*~*~ (retreating).
  7369 | D:10     | Killed Nergalle
  7611 | D:10     | Found a snail-covered altar of Cheibriados.
  7613 | D:10     | 7613 ||| Stepping randomly (disturbance).
  7614 | D:10     | 7614 ||| Stepping randomly (disturbance).
  7620 | D:10     | 7620 ||| Stepping randomly (disturbance).
  7621 | D:10     | 7621 ||| Stepping randomly (disturbance).
  7634 | D:10     | 7634 ||| Stepping randomly (disturbance).
  7635 | D:10     | 7635 ||| Stepping randomly (disturbance).
  7636 | D:10     | 7636 ||| Stepping randomly (disturbance).
  7709 | D:10     | Found a blossoming altar of Fedhas.
  7931 | D:10     | Noticed Psyche
  7933 | D:10     | Killed Psyche
  8027 | D:10     | 8027 ||| DROPPING +0 robe of cold resistance.
  8028 | D:10     | 8028 ||| UPGRADING to +0 troll leather armour.
  8038 | D:10     | 8038 ||| DROPPING +0 ring mail.
  8181 | D:11     | 8181 ||| RETREATING.
  8183 | D:11     | 8183 ||| Stepping ~*~*~tactically~*~*~ (retreating).
  8226 | D:11     | Found a staircase to the Lair.
  8388 | D:11     | Noticed a two-headed ogre
  8390 | D:11     | Killed a two-headed ogre
  8440 | D:11     | Found a staircase to the Orcish Mines.
  8501 | D:11     | 8501 ||| Stepping ~*~*~tactically~*~*~ (outnumbered).
  8502 | D:11     | 8502 ||| Stepping ~*~*~tactically~*~*~ (outnumbered).
  8625 | D:11     | Noticed a two-headed ogre
  8633 | D:11     | Killed a two-headed ogre
  8634 | D:11     | Reached skill level 15 in Ranged Weapons
  8686 | D:11     | 8686 ||| READING scroll of enchant armour.
  8686 | D:11     | 8686 ||| ENCHANTING +0 pair of gloves.
  8687 | D:11     | Noticed Harold
  8696 | D:11     | Killed Harold
  8828 | D:11     | 8828 ||| PLANNING LAIR
  8828 | D:11     | 8828 ||| READING scroll labelled XUUGRA QOGGUASS.
  8849 | Lair:1   | Entered Level 1 of the Lair of Beasts
  8857 | Lair:1   | 8857 ||| STAIRDANCE
  8862 | Lair:1   | 8862 ||| STAIRDANCE
  8873 | D:11     | Reached XP level 12. HP: 66/77 MP: 12/12
  8885 | Lair:1   | 8885 ||| STAIRDANCE
  8920 | Lair:1   | Identified the +3 robe of the Ant {Drain Slay+5}
  8926 | Lair:1   | 8926 ||| RETREATING.
  8930 | Lair:1   | 8930 ||| RETREATING.
  9022 | Lair:1   | Noticed Sonja
  9030 | Lair:1   | Killed Sonja
  9061 | Lair:1   | 9061 ||| RETREATING.
  9073 | Lair:1   | 9073 ||| Stepping ~*~*~tactically~*~*~ (retreating).
  9074 | Lair:1   | 9074 ||| Stepping ~*~*~tactically~*~*~ (retreating).
  9117 | Lair:1   | Reached skill level 6 in Dodging
  9540 | Lair:1   | Noticed Amaemon
  9541 | Lair:1   | 9541 ||| RETREATING.
  9561 | Lair:1   | Killed Amaemon
  9786 | Lair:1   | 9786 ||| UPGRADING to +3 robe of the Ant {Drain Slay+5}.
  9796 | Lair:1   | 9796 ||| DROPPING +0 leather armour of fire resistance.
  9797 | Lair:1   | 9797 ||| DROPPING +0 troll leather armour.
  9840 | Lair:2   | Reached skill level 12 in Fighting
  9888 | Lair:2   | 9888 ||| RETREATING.
  9955 | Lair:2   | 9955 ||| RETREATING.
 10034 | Lair:2   | 10034 ||| RETREATING.
 10047 | Lair:2   | Reached XP level 13. HP: 86/86 MP: 13/13
 10125 | Lair:2   | 10125 ||| READING scroll of enchant armour.
 10125 | Lair:2   | 10125 ||| ENCHANTING +1 pair of gloves.
 10329 | Lair:2   | 10329 ||| READING scroll of enchant weapon.
 10329 | Lair:2   | 10329 ||| ENCHANTING +8 orcbow of electrocution.
 10663 | Lair:3   | 10663 ||| RETREATING.
 10681 | Lair:3   | HP: 19/89 [death yak (5)]
 10682 | Lair:3   | 10682 ||| READING 10 scrolls of teleportation.
 10683 | Lair:3   | 10683 ||| DRINKING 2 potions of heal wounds.
 10684 | Lair:3   | 10684 ||| DRINKING potion of heal wounds.
 10684 | Lair:3   | Found a staircase to the Shoals.
 10938 | Lair:3   | Found a runed translucent door.
 10966 | Lair:3   | 10966 ||| RETREATING.
 10974 | Lair:3   | 10974 ||| Stepping ~*~*~tactically~*~*~ (retreating).
 10975 | Lair:3   | 10975 ||| Stepping ~*~*~tactically~*~*~ (retreating).
 10979 | Lair:3   | 10979 ||| Stepping ~*~*~tactically~*~*~ (retreating).
 11046 | Lair:3   | 11046 ||| SWAPPING to +0 longbow.
 11055 | Lair:3   | 11055 ||| DROPPING +9 orcbow of electrocution.
 11091 | Lair:3   | 11091 ||| RETREATING.
 11307 | Lair:3   | Found a staircase to the Snake Pit.
 11333 | Lair:3   | Found a shimmering altar of Xom.
 11333 | Lair:3   | Noticed qw's ghost (journeyman GrHu)
 11391 | Lair:3   | 11391 ||| Stepping ~*~*~tactically~*~*~ (retreating).
 11402 | Lair:3   | HP: 10/90 [death yak (13)]
 11403 | Lair:3   | 11403 ||| READING 9 scrolls of teleportation.
 11404 | Lair:3   | 11404 ||| DRINKING potion of heal wounds.
 11588 | Lair:3   | 11588 ||| RETREATING.
 11978 | Lair:3   | 11978 ||| FLEEEEING.
 12109 | Lair:3   | 12109 ||| UPGRADING to +0 cloak.
 12130 | Lair:3   | 12130 ||| UPGRADING to +4 ring of protection.
 12302 | Lair:3   | 12302 ||| DROPPING ring of protection from cold.
 12303 | Lair:3   | 12303 ||| READING scroll labelled GUAQ BEUHAODDO.
 12304 | Lair:3   | 12304 ||| READING 4 scrolls of identify.
 12304 | Lair:3   | 12304 ||| IDENTIFYING green potion
 12305 | Lair:3   | 12305 ||| DROPPING potion of ambrosia.
 12329 | Lair:4   | 12329 ||| STAIRDANCE
 12422 | Lair:4   | 12422 ||| STAIRDANCE
 12504 | Lair:4   | 12504 ||| STAIRDANCE
 12593 | Lair:4   | 12593 ||| Stepping ~*~*~tactically~*~*~ (retreating).
 12596 | Lair:4   | 12596 ||| RETREATING.
 12612 | Lair:4   | 12612 ||| FLEEEEING.
 12824 | Lair:4   | Gained mutation: Your large and strong wings let you fly.
                  | [Gargoyle growth]
 12824 | Lair:4   | Reached XP level 14. HP: 96/96 MP: 14/14
 12858 | Lair:4   | 12858 ||| RETREATING.
 13350 | Lair:4   | Reached skill level 18 in Ranged Weapons
 13393 | Lair:5   | Entered Level 5 of the Lair of Beasts
 13441 | Lair:5   | 13441 ||| Stepping ~*~*~tactically~*~*~ (retreating).
 13442 | Lair:5   | 13442 ||| Stepping ~*~*~tactically~*~*~ (retreating).
 13444 | Lair:5   | 13444 ||| Stepping ~*~*~tactically~*~*~ (retreating).
 13445 | Lair:5   | 13445 ||| Stepping ~*~*~tactically~*~*~ (retreating).
 13447 | Lair:5   | 13447 ||| Stepping ~*~*~tactically~*~*~ (retreating).
 13448 | Lair:5   | 13448 ||| Stepping ~*~*~tactically~*~*~ (retreating).
 13572 | Lair:5   | Found a staircase to the Slime Pits.
 13576 | Lair:5   | Found a viscous altar of Jiyva.
 13785 | Lair:5   | 13785 ||| RETREATING.
 13789 | Lair:5   | 13789 ||| Stepping ~*~*~tactically~*~*~ (retreating).
 13790 | Lair:5   | 13790 ||| Stepping ~*~*~tactically~*~*~ (retreating).
 13791 | Lair:5   | 13791 ||| Stepping ~*~*~tactically~*~*~ (retreating).
 14089 | Lair:5   | 14089 ||| FLEEEEING.
 14090 | Lair:5   | 14090 ||| FLEEEEING.
 14091 | Lair:5   | 14091 ||| FLEEEEING.
 14092 | Lair:5   | 14092 ||| FLEEEEING.
 14093 | Lair:5   | 14093 ||| FLEEEEING.
 14094 | Lair:5   | 14094 ||| FLEEEEING.
 14095 | Lair:5   | 14095 ||| RETREATING.
 14097 | Lair:5   | 14097 ||| FLEEEEING.
 14098 | Lair:5   | 14098 ||| FLEEEEING.
 14557 | Lair:5   | 14557 ||| PLANNING D
 14557 | Lair:5   | 14557 ||| DRINKING 2 silvery potions.
 14558 | Lair:5   | 14558 ||| DROPPING potion of invisibility.
 14730 | D:12     | 14730 ||| PLANNING GAUNTLET
 14839 | D:12     | 14839 ||| Stepping ~*~*~tactically~*~*~ (outnumbered).
 14949 | D:12     | Found a gate leading to a gauntlet.
 14950 | D:12     | 14950 ||| READING 2 scrolls labelled JOEMOU SOXKYUPSE.
 14951 | D:12     | 14951 ||| DROPPING scroll of fear.
 14960 | Gauntlet | Entered a Gauntlet
 14960 | Gauntlet | Found a transporter.
 14974 | Gauntlet | Found a transporter.
 14984 | Gauntlet | Found a transporter.
 14989 | Gauntlet | Found a transporter.
 15008 | Gauntlet | Found a transporter.
 15026 | Gauntlet | Found a transporter.
 15035 | Gauntlet | Found a transporter.
 15043 | Gauntlet | Found a large runed translucent door.
 15044 | Gauntlet | Found a large runed translucent door.
 15045 | Gauntlet | Found a large runed translucent door.
 15045 | Gauntlet | Found a large runed translucent door.
 15046 | Gauntlet | Found a runed translucent gate.
 15047 | Gauntlet | Found a transporter.
 15047 | Gauntlet | Found a runed translucent gate.
 15048 | Gauntlet | Found a runed translucent gate.
 15049 | Gauntlet | Found a large runed translucent door.
 15049 | Gauntlet | Found a large runed translucent door.
 15050 | Gauntlet | Found a large runed translucent door.
 15051 | Gauntlet | Found a large runed translucent door.
 15059 | Gauntlet | Found a transporter.
 15071 | Gauntlet | Found a transporter.
 15081 | Gauntlet | Noticed a balrug
 15088 | Gauntlet | Found a transporter.
 15105 | Gauntlet | Found a transporter.
 15107 | Gauntlet | Found a transporter.
 15133 | Gauntlet | Found a transporter.
 15135 | Gauntlet | Found a transporter.
 15137 | Gauntlet | Found a transporter.
 15139 | Gauntlet | Found a large runed translucent door.
 15139 | Gauntlet | Found a large runed translucent door.
 15140 | Gauntlet | Found a large runed translucent door.
 15140 | Gauntlet | Found a large runed translucent door.
 15165 | Gauntlet | Found a transporter.
 15245 | Gauntlet | Found a transporter.
 15265 | Gauntlet | Found a large runed translucent door.
 15265 | Gauntlet | Found a large runed translucent door.
 15265 | Gauntlet | Found a runed translucent door.
 15265 | Gauntlet | Found a runed translucent door.
 15285 | Gauntlet | Found a large runed translucent door.
 15285 | Gauntlet | Found a large runed translucent door.
 15412 | Gauntlet | 15412 ||| Stepping ~*~*~tactically~*~*~ (retreating).
 15510 | Gauntlet | 15510 ||| UPGRADING to +6 ring of dexterity.
 15512 | Gauntlet | 15512 ||| UPGRADING to +5 ring of evasion.
 15514 | Gauntlet | 15514 ||| DROPPING +4 ring of protection.
 15546 | Gauntlet | 15546 ||| Stepping ~*~*~tactically~*~*~ (retreating).
 15547 | Gauntlet | 15547 ||| Stepping ~*~*~tactically~*~*~ (retreating).
 15552 | Gauntlet | 15552 ||| Stepping ~*~*~tactically~*~*~ (retreating).
 15553 | Gauntlet | 15553 ||| Stepping ~*~*~tactically~*~*~ (retreating).
 15659 | Gauntlet | Identified the ring "Roykilodgh" {rN+ Will+ Int+2}
 15661 | Gauntlet | 15661 ||| DROPPING ring "Roykilodgh" {rN+ Will+ Int+2}.
 15781 | Gauntlet | Identified the +0 ring mail of Idomapt {Int+5}
 15784 | Gauntlet | Identified the +2 robe of the Immovable Loafs {Fly}
 15785 | Gauntlet | 15785 ||| DROPPING scarf of invisibility.
 15786 | Gauntlet | 15786 ||| DROPPING +0 ring mail of Idomapt {Int+5}.
 15790 | D:12     | 15790 ||| PLANNING D
 15946 | D:12     | 15946 ||| Stepping ~*~*~tactically~*~*~ (outnumbered).
 15948 | D:12     | 15948 ||| Stepping ~*~*~tactically~*~*~ (outnumbered).
 15950 | D:12     | 15950 ||| Stepping ~*~*~tactically~*~*~ (outnumbered).
 15954 | D:12     | 15954 ||| Stepping ~*~*~tactically~*~*~ (outnumbered).
 16215 | D:13     | Noticed Urug
 16216 | D:13     | 16216 ||| RETREATING.
 16247 | D:13     | Killed Urug
 16262 | D:13     | 16262 ||| FLEEEEING.
 16371 | D:13     | Found a gate to the Vaults.
 16373 | D:13     | Reached skill level 9 in Dodging
 16381 | D:13     | 16381 ||| FLEEEEING.
 16452 | D:13     | Reached XP level 15. HP: 85/100 MP: 15/15
 16461 | D:13     | 16461 ||| FLEEEEING.
 16462 | D:13     | 16462 ||| FLEEEEING.
 16463 | D:13     | 16463 ||| FLEEEEING.
 16464 | D:13     | 16464 ||| FLEEEEING.
 16465 | D:13     | 16465 ||| FLEEEEING.
 16466 | D:13     | 16466 ||| FLEEEEING.
 16467 | D:13     | 16467 ||| STAIRDANCE
 16838 | D:13     | Reached skill level 6 in Armour
 16934 | D:13     | 16934 ||| RETREATING.
 16946 | D:13     | 16946 ||| Stepping ~*~*~tactically~*~*~ (retreating).
 16948 | D:13     | 16948 ||| Stepping ~*~*~tactically~*~*~ (retreating).
 16949 | D:13     | 16949 ||| Stepping ~*~*~tactically~*~*~ (retreating).
 17268 | D:13     | 17268 ||| UPGRADING to +1 pair of boots.
 17278 | D:13     | 17278 ||| DROPPING +0 pair of boots.
 17279 | D:13     | 17279 ||| READING 7 scrolls of identify.
 17279 | D:13     | 17279 ||| IDENTIFYING smoky orange potion
 17749 | D:14     | 17749 ||| READING scroll of enchant weapon.
 17749 | D:14     | 17749 ||| ENCHANTING +0 longbow.
 17953 | D:14     | 17953 ||| DROPPING +6 ring of strength.
 17961 | D:15     | Entered Level 15 of the Dungeon
 18023 | D:15     | 18023 ||| READING scroll of enchant weapon.
 18023 | D:15     | 18023 ||| ENCHANTING +1 longbow.
 18051 | D:15     | Noticed Louise
 18064 | D:15     | Killed Louise
 18098 | D:15     | 18098 ||| FLEEEEING.
 18099 | D:15     | 18099 ||| FLEEEEING.
 18109 | D:15     | 18109 ||| FLEEEEING.
 18110 | D:15     | 18110 ||| FLEEEEING.
 18111 | D:15     | 18111 ||| STAIRDANCE
 18189 | D:15     | 18189 ||| STAIRDANCE
 18278 | D:15     | 18278 ||| STAIRDANCE
 18287 | D:15     | 18287 ||| STAIRDANCE
 18482 | D:15     | 18482 ||| STAIRDANCE
 18532 | D:15     | 18532 ||| STAIRDANCE
 18581 | D:15     | 18581 ||| STAIRDANCE
 18631 | D:15     | 18631 ||| STAIRDANCE
 18758 | D:15     | Found a staircase to the Depths.
 18875 | D:15     | 18875 ||| Stepping ~*~*~tactically~*~*~ (outnumbered).
 18885 | D:15     | 18885 ||| FLEEEEING.
 18898 | D:15     | Reached skill level 15 in Fighting
 18952 | D:15     | 18952 ||| READING scroll of enchant armour.
 18952 | D:15     | 18952 ||| ENCHANTING +0 helmet.
 18963 | D:15     | Found Nupseiso's Antique Armour Shoppe.
 18969 | D:15     | 18969 ||| BUYING pair of embroidered boots (187 gold).
 18969 | D:15     | Bought a pair of embroidered boots for 187 gold pieces
 18969 | D:15     | 18969 ||| BUYING runed ring mail (175 gold).
 18969 | D:15     | Bought a runed ring mail for 175 gold pieces
 19039 | D:15     | 19039 ||| READING scroll of enchant armour.
 19039 | D:15     | 19039 ||| ENCHANTING +1 helmet.
 19092 | D:15     | Found a blossoming altar of Fedhas.
 19262 | D:15     | 19262 ||| PLANNING ORC
 19262 | D:15     | 19262 ||| UPGRADING to +2 pair of boots.
 19272 | D:15     | 19272 ||| DROPPING +1 pair of boots.
 19273 | D:15     | 19273 ||| DROPPING +3 ring mail of willpower.
 19374 | Orc:1    | Entered Level 1 of the Orcish Mines
 19385 | Orc:1    | 19385 ||| Stepping ~*~*~tactically~*~*~ (outnumbered).
 19413 | Orc:1    | 19413 ||| FLEEEEING.
 19414 | Orc:1    | 19414 ||| FLEEEEING.
 19415 | Orc:1    | 19415 ||| FLEEEEING.
 19416 | Orc:1    | 19416 ||| FLEEEEING.
 19417 | Orc:1    | 19417 ||| FLEEEEING.
 19773 | Orc:1    | Noticed an orc warlord
 19783 | Orc:1    | 19783 ||| RETREATING.
 19785 | Orc:1    | 19785 ||| Stepping ~*~*~tactically~*~*~ (retreating).
 19786 | Orc:1    | 19786 ||| Stepping ~*~*~tactically~*~*~ (retreating).
 19787 | Orc:1    | 19787 ||| Stepping ~*~*~tactically~*~*~ (retreating).
 19788 | Orc:1    | 19788 ||| Stepping ~*~*~tactically~*~*~ (retreating).
 19789 | Orc:1    | 19789 ||| Stepping ~*~*~tactically~*~*~ (retreating).
 19790 | Orc:1    | 19790 ||| Stepping ~*~*~tactically~*~*~ (retreating).
 19792 | Orc:1    | 19792 ||| Stepping ~*~*~tactically~*~*~ (retreating).
 19805 | Orc:1    | Killed an orc warlord
 20002 | Orc:2    | Entered Level 2 of the Orcish Mines
 20004 | Orc:2    | Found a staircase to the Elven Halls.
 20020 | Orc:2    | Noticed an orc warlord
 20021 | Orc:2    | 20021 ||| RETREATING.
 20022 | Orc:2    | 20022 ||| RETREATING.
 20027 | Orc:2    | 20027 ||| Stepping ~*~*~tactically~*~*~ (retreating).
 20056 | Orc:2    | Killed an orc warlord
 20199 | Orc:2    | 20199 ||| Stepping ~*~*~tactically~*~*~ (retreating).
 20218 | Orc:2    | Noticed Azrael
 20219 | Orc:2    | 20219 ||| RETREATING.
 20221 | Orc:2    | 20221 ||| Stepping ~*~*~tactically~*~*~ (retreating).
 20225 | Orc:2    | 20225 ||| Stepping ~*~*~tactically~*~*~ (retreating).
 20227 | Orc:2    | 20227 ||| Stepping ~*~*~tactically~*~*~ (retreating).
 20248 | Orc:2    | Killed Azrael
 20249 | Orc:2    | 20249 ||| FLEEEEING.
 20250 | Orc:2    | 20250 ||| FLEEEEING.
 20257 | Orc:2    | 20257 ||| STAIRDANCE
 20482 | Orc:2    | Noticed Donald
 20497 | Orc:2    | Killed Donald
 20586 | Orc:2    | HP: 24/103 [orc knight/+2 long sword of protection (2)]
 20587 | Orc:2    | 20587 ||| READING 10 scrolls of teleportation.
 20588 | Orc:2    | 20588 ||| DRINKING 2 potions of heal wounds.
 20630 | Orc:2    | 20630 ||| RETREATING.
 20725 | Orc:2    | Reached XP level 16. HP: 63/108 MP: 16/16
 20877 | Orc:2    | Found Jueziyg's Antique Weapon Emporium.
 20877 | Orc:2    | Found Kuseshu's Magic Scroll Shop.
 20907 | Orc:2    | 20907 ||| BUYING scroll of acquirement (832 gold).
 20907 | Orc:2    | Bought a scroll of acquirement for 832 gold pieces
 20907 | Orc:2    | 20907 ||| BUYING scroll of identify (32 gold).
 20907 | Orc:2    | Bought a scroll of identify for 32 gold pieces
 20907 | Orc:2    | 20907 ||| BUYING scroll of identify (32 gold).
 20907 | Orc:2    | Bought a scroll of identify for 32 gold pieces
 20907 | Orc:2    | 20907 ||| BUYING scroll of identify (32 gold).
 20907 | Orc:2    | Bought a scroll of identify for 32 gold pieces
 20907 | Orc:2    | 20907 ||| BUYING scroll of identify (32 gold).
 20907 | Orc:2    | Bought a scroll of identify for 32 gold pieces
 20907 | Orc:2    | 20907 ||| BUYING scroll of teleportation (48 gold).
 20907 | Orc:2    | Bought a scroll of teleportation for 48 gold pieces
 20907 | Orc:2    | 20907 ||| READING scroll of acquirement.
 20907 | Orc:2    | 20907 ||| ACQUIRING +3 pair of mountain boots {steadfast,
                  | rC+}
 20907 | Orc:2    | Acquired the +3 pair of mountain boots {steadfast, rC+}
 20907 | Orc:2    | Found the +3 pair of mountain boots {steadfast, rC+}
 20909 | Orc:2    | 20909 ||| UPGRADING to +3 pair of mountain boots
                  | {steadfast, rC+}.
 20919 | Orc:2    | 20919 ||| DROPPING +2 pair of boots.
 21084 | Orc:2    | Found Meire's Book Emporium.
 21096 | Orc:2    | 21096 ||| Stepping ~*~*~tactically~*~*~ (outnumbered).
 21099 | Orc:2    | 21099 ||| Stepping ~*~*~tactically~*~*~ (retreating).
 21110 | Orc:2    | 21110 ||| Stepping ~*~*~tactically~*~*~ (retreating).
 21117 | Orc:2    | 21117 ||| Stepping ~*~*~tactically~*~*~ (retreating).
 21124 | Orc:2    | 21124 ||| Stepping ~*~*~tactically~*~*~ (retreating).
 21128 | Orc:2    | 21128 ||| FLEEEEING.
 21129 | Orc:2    | 21129 ||| FLEEEEING.
 21130 | Orc:2    | 21130 ||| FLEEEEING.
 21131 | Orc:2    | 21131 ||| FLEEEEING.
 21132 | Orc:2    | 21132 ||| FLEEEEING.
 21133 | Orc:2    | 21133 ||| FLEEEEING.
 21134 | Orc:2    | 21134 ||| FLEEEEING.
 21135 | Orc:2    | 21135 ||| FLEEEEING.
 21136 | Orc:2    | 21136 ||| FLEEEEING.
 21137 | Orc:2    | 21137 ||| FLEEEEING.
 21138 | Orc:2    | 21138 ||| FLEEEEING.
 21139 | Orc:2    | 21139 ||| FLEEEEING.
 21140 | Orc:2    | 21140 ||| FLEEEEING.
 21141 | Orc:2    | 21141 ||| FLEEEEING.
 21142 | Orc:2    | 21142 ||| STAIRDANCE
 21250 | Orc:2    | 21250 ||| STAIRDANCE
 21286 | Orc:2    | Found Enuusibb's Armour Emporium.
 21286 | Orc:2    | Found Joobuvin's Antique Weapon Shop.
 21293 | Orc:2    | 21293 ||| BUYING +1 pair of gloves of dexterity (247 gold).
 21293 | Orc:2    | Bought a +1 pair of gloves of dexterity for 247 gold pieces
 21409 | Orc:2    | 21409 ||| PLANNING SNAKE:1-3
 21409 | Orc:2    | 21409 ||| UPGRADING to +1 pair of gloves of dexterity.
 21419 | Orc:2    | 21419 ||| DROPPING +2 pair of gloves.
 21597 | Snake:1  | Entered Level 1 of the Snake Pit
 21623 | Snake:1  | 21623 ||| Stepping ~*~*~tactically~*~*~ (outnumbered).
 21624 | Snake:1  | 21624 ||| Stepping ~*~*~tactically~*~*~ (outnumbered).
 21626 | Snake:1  | 21626 ||| Stepping ~*~*~tactically~*~*~ (outnumbered).
 21629 | Snake:1  | 21629 ||| RETREATING.
 21851 | Snake:1  | 21851 ||| READING scroll of brand weapon.
 21851 | Snake:1  | 21851 ||| BRANDING +2 longbow.
 22259 | Snake:1  | 22259 ||| UPGRADING to amulet of the acrobat.
 22264 | Snake:1  | 22264 ||| DROPPING +6 ring of intelligence.
 22307 | Snake:2  | Noticed a nagaraja
 22308 | Snake:2  | 22308 ||| Stepping ~*~*~tactically~*~*~ (retreating).
 22309 | Snake:2  | 22309 ||| Stepping ~*~*~tactically~*~*~ (retreating).
 22310 | Snake:2  | 22310 ||| Stepping ~*~*~tactically~*~*~ (retreating).
 22311 | Snake:2  | 22311 ||| Stepping ~*~*~tactically~*~*~ (retreating).
 22328 | Snake:2  | Killed a nagaraja
 22329 | Snake:2  | Reached skill level 12 in Dodging
 22485 | Snake:2  | 22485 ||| READING scroll of acquirement.
 22485 | Snake:2  | 22485 ||| ACQUIRING 629 gold pieces
 22485 | Snake:2  | Acquired 629 gold pieces
 22528 | Snake:2  | 22528 ||| Stepping ~*~*~tactically~*~*~ (outnumbered).
 22543 | Snake:2  | HP: 19/110 [salamander (10)]
 22544 | Snake:2  | 22544 ||| READING 11 scrolls of teleportation.
 22545 | Snake:2  | 22545 ||| DRINKING potion of heal wounds.
 22684 | Snake:2  | 22684 ||| Stepping ~*~*~tactically~*~*~ (outnumbered).
 22686 | Snake:2  | 22686 ||| Stepping ~*~*~tactically~*~*~ (outnumbered).
 22689 | Snake:2  | 22689 ||| RETREATING.
 23249 | Snake:3  | 23249 ||| RETREATING.
 23250 | Snake:3  | 23250 ||| Stepping ~*~*~tactically~*~*~ (outnumbered).
 23252 | Snake:3  | 23252 ||| Stepping ~*~*~tactically~*~*~ (outnumbered).
 23253 | Snake:3  | 23253 ||| Stepping ~*~*~tactically~*~*~ (outnumbered).
 23255 | Snake:3  | 23255 ||| Stepping ~*~*~tactically~*~*~ (outnumbered).
 23258 | Snake:3  | 23258 ||| RETREATING.
 23260 | Snake:3  | 23260 ||| Stepping ~*~*~tactically~*~*~ (outnumbered).
 23261 | Snake:3  | 23261 ||| RETREATING.
 23264 | Snake:3  | 23264 ||| Stepping ~*~*~tactically~*~*~ (outnumbered).
 23543 | Snake:3  | 23543 ||| Stepping ~*~*~tactically~*~*~ (outnumbered).
 24400 | Snake:3  | 24400 ||| PLANNING SHOALS:1-3
 24547 | Shoals:1 | Entered Level 1 of the Shoals
 24633 | Shoals:1 | 24633 ||| RETREATING.
 24661 | Shoals:1 | Noticed a kraken
 24669 | Shoals:1 | Killed a kraken
 24670 | Shoals:1 | Reached XP level 17. HP: 91/117 MP: 17/17
 24784 | Shoals:1 | 24784 ||| RETREATING.
 24992 | Shoals:1 | Identified the +12 short sword "Killer Bee's Curse" {holy,
                  | Dex+3}
 25010 | Shoals:1 | 25010 ||| READING scroll of enchant armour.
 25010 | Shoals:1 | 25010 ||| ENCHANTING +1 pair of gloves of dexterity.
 25049 | Shoals:1 | Reached skill level 18 in Fighting
 25493 | Shoals:2 | Noticed Ilsuiw
 25494 | Shoals:2 | 25494 ||| Stepping ~*~*~tactically~*~*~ (outnumbered).
 25495 | Shoals:2 | 25495 ||| Stepping ~*~*~tactically~*~*~ (outnumbered).
 25499 | Shoals:2 | 25499 ||| Stepping ~*~*~tactically~*~*~ (outnumbered).
 25505 | Shoals:2 | 25505 ||| Stepping ~*~*~tactically~*~*~ (retreating).
 25507 | Shoals:2 | 25507 ||| Stepping ~*~*~tactically~*~*~ (outnumbered).
 25516 | Shoals:2 | 25516 ||| Stepping ~*~*~tactically~*~*~ (retreating).
 25532 | Shoals:2 | Killed Ilsuiw
 25708 | Shoals:2 | Noticed a kraken
 25721 | Shoals:2 | HP: 19/120 [kraken (24)]
 25722 | Shoals:2 | 25722 ||| READING 11 scrolls of teleportation.
 25722 | Shoals:2 | HP: 9/120 [tentacle[a kraken] (6)]
 25723 | Shoals:2 | 25723 ||| DRINKING potion of heal wounds.
 25749 | Shoals:2 | HP: 28/120 [suicidal targeting (20)]
 25750 | Shoals:2 | 25750 ||| READING 10 scrolls of teleportation.
 26034 | Shoals:2 | Noticed Polyphemus
 26036 | Shoals:2 | 26036 ||| Stepping ~*~*~tactically~*~*~ (retreating).
 26037 | Shoals:2 | 26037 ||| Stepping ~*~*~tactically~*~*~ (retreating).
 26038 | Shoals:2 | 26038 ||| Stepping ~*~*~tactically~*~*~ (retreating).
 26039 | Shoals:2 | 26039 ||| Stepping ~*~*~tactically~*~*~ (retreating).
 26040 | Shoals:2 | 26040 ||| Stepping ~*~*~tactically~*~*~ (retreating).
 26041 | Shoals:2 | 26041 ||| Stepping ~*~*~tactically~*~*~ (retreating).
 26050 | Shoals:2 | 26050 ||| Stepping ~*~*~tactically~*~*~ (retreating).
 26053 | Shoals:2 | Killed Polyphemus
 26540 | Shoals:2 | 26540 ||| UPGRADING to amulet of reflection.
 26550 | Shoals:2 | 26550 ||| DROPPING amulet of the acrobat.
 26625 | Shoals:3 | 26625 ||| READING scroll of enchant armour.
 26625 | Shoals:3 | 26625 ||| ENCHANTING +0 cloak.
 26670 | Shoals:3 | 26670 ||| Stepping ~*~*~tactically~*~*~ (cloud).
 26777 | Shoals:3 | 26777 ||| Stepping ~*~*~tactically~*~*~ (outnumbered).
 26778 | Shoals:3 | 26778 ||| Stepping ~*~*~tactically~*~*~ (outnumbered).
 27143 | Shoals:3 | 27143 ||| Stepping ~*~*~tactically~*~*~ (outnumbered).
 27145 | Shoals:3 | 27145 ||| Stepping ~*~*~tactically~*~*~ (outnumbered).
 27147 | Shoals:3 | 27147 ||| Stepping ~*~*~tactically~*~*~ (outnumbered).
 27157 | Shoals:3 | 27157 ||| Stepping ~*~*~tactically~*~*~ (outnumbered).
 27337 | Shoals:3 | Found Birucaem's Weapon Shop.
 27498 | Shoals:3 | 27498 ||| PLANNING SNAKE:4
 27684 | Snake:4  | Entered Level 4 of the Snake Pit
 27686 | Snake:4  | Reached skill level 9 in Armour
 27748 | Snake:4  | Found Huerrero's Armour Shop.
 27753 | Snake:4  | 27753 ||| Stepping ~*~*~tactically~*~*~ (outnumbered).
 27755 | Snake:4  | 27755 ||| Stepping ~*~*~tactically~*~*~ (outnumbered).
 27757 | Snake:4  | 27757 ||| RETREATING.
 27761 | Snake:4  | 27761 ||| Stepping ~*~*~tactically~*~*~ (retreating).
 27776 | Snake:4  | Found Ceffaiha's General Store.
 27784 | Snake:4  | 27784 ||| BUYING potion of curing (30 gold).
 27784 | Snake:4  | Bought a potion of curing for 30 gold pieces
 27784 | Snake:4  | 27784 ||| BUYING potion of heal wounds (50 gold).
 27784 | Snake:4  | Bought a potion of heal wounds for 50 gold pieces
 27860 | Snake:4  | 27860 ||| Stepping ~*~*~tactically~*~*~ (outnumbered).
 27863 | Snake:4  | 27863 ||| Stepping ~*~*~tactically~*~*~ (outnumbered).
 27865 | Snake:4  | 27865 ||| RETREATING.
 27866 | Snake:4  | 27866 ||| Stepping ~*~*~tactically~*~*~ (outnumbered).
 27868 | Snake:4  | 27868 ||| Stepping ~*~*~tactically~*~*~ (outnumbered).
 27875 | Snake:4  | Reached XP level 18. HP: 128/128 MP: 18/18
 27876 | Snake:4  | Found a large runed translucent door.
 27876 | Snake:4  | Found a large runed translucent door.
 27892 | Snake:4  | 27892 ||| FLEEEEING.
 27892 | Snake:4  | Noticed qw's ghost (adept GrFi)
 28010 | Snake:4  | 28010 ||| Stepping ~*~*~tactically~*~*~ (retreating).
 28011 | Snake:4  | 28011 ||| Stepping ~*~*~tactically~*~*~ (retreating).
 28012 | Snake:4  | 28012 ||| Stepping ~*~*~tactically~*~*~ (retreating).
 28013 | Snake:4  | 28013 ||| Stepping ~*~*~tactically~*~*~ (retreating).
 28015 | Snake:4  | 28015 ||| Stepping ~*~*~tactically~*~*~ (retreating).
 28016 | Snake:4  | 28016 ||| Stepping ~*~*~tactically~*~*~ (retreating).
 28092 | Snake:4  | 28092 ||| Stepping ~*~*~tactically~*~*~ (outnumbered).
 28094 | Snake:4  | 28094 ||| Stepping ~*~*~tactically~*~*~ (outnumbered).
 28096 | Snake:4  | 28096 ||| Stepping ~*~*~tactically~*~*~ (outnumbered).
 28139 | Snake:4  | 28139 ||| RETREATING.
 28281 | Snake:4  | 28281 ||| RETREATING.
 28307 | Snake:4  | 28307 ||| RETREATING.
 28333 | Snake:4  | 28333 ||| RETREATING.
 28359 | Snake:4  | 28359 ||| RETREATING.
 28383 | Snake:4  | 28383 ||| Stepping ~*~*~tactically~*~*~ (retreating).
 28385 | Snake:4  | 28385 ||| Stepping ~*~*~tactically~*~*~ (retreating).
 28388 | Snake:4  | 28388 ||| Stepping ~*~*~tactically~*~*~ (retreating).
 28399 | Snake:4  | HP: 22/129 [nagaraja/+0 spear (17)]
 28400 | Snake:4  | 28400 ||| READING 9 scrolls of teleportation.
 28400 | Snake:4  | Mangled by a nagaraja

Levels and vault maps discovered:
D:1:      dpeg_arrival_long_road, layout_loops_ring,
          nicolae_kite_square_tiling_tiny
D:2:      layout_rooms, serial_shops, shop, shop, shop
D:3:      layout_basic, nicolae_qazlal_beasts_of_the_sky, jmf_multi_god_temple2,
          gup_sewer_entry_spiral, ebering_ecumenical_altar_webs, minmay_puff,
          uniq_ijyb
D:4:      layout_gridville, minmay_temple_entry_glass, st_stairs_1,
          minmay_close_crescents
D:5:      layout_layer_cave, minitemple, biasface_ghost_orc_armoury
D:6:      layout_rooms, serial_shops, shop, uniq_blork_the_orc
D:7:      layout_loops_cross, minmay_misc_feat_tiny, kennysheep_generic_room_7,
          uniq_prince_ribbit1
D:8:      layout_gridville, lightli_bailey_entry_fortress, item_on_display_a
D:9:      layout_roguey, uniq_grum
D:10:     layout_gridville, grunt_temple_overflow_order_and_chaos_2,
          lemuel_doored_altar, mainiacjoe_overflow_catwalk, uniq_psyche,
          uniq_nergalle, uniq_lodul
D:11:     layout_roguey, dpeg_oklobed_lair, orc_0_dummy, minmay_nine_imps,
          uniq_harold
D:12:     layout_basic, gauntlet_entry_generic, glass_columns_a
D:13:     layout_stronghold, david_vaults_3, minmay_circle_x
D:14:     layout_gridville, minmay_misc_feat_square, amcnicky_mini_pool_small,
          minmay_misc_feat_encased
D:15:     gammafunk_depths_entry_grave, layout_irregular_city, fedhas_altar_2,
          serial_shops, nicolae_square_shop, uniq_louise
Temple:   hellmonk_temple_forest_ring
Lair:1:   layout_regular_city, grunt_megastairs_1, uniq_amaemon, uniq_sonja
Lair:2:   layout_long_grid
Lair:3:   layout_chaotic_city, minmay_shoals_entry_centaurs,
          alex1729_snake_entry_snake, ebering_ghost_xom,
          cheibrodos_lair_lostbears
Lair:4:   layout_long_grid, serial_bayou_shore_a, infiniplex_staircase_pool
Lair:5:   gammafunk_lair_ancient_temple, layout_regular_city, slime_entry_1,
          chequers_serial_rivers_marsh, lemuel_fruit_tree, lemuel_fruit_fields,
          uniq_urug
Shoals:1: layout_shoals, yaktaur_hedge
Shoals:2: layout_shoals, uniq_polyphemus, uniq_ilsuiw
Shoals:3: layout_shoals, serial_shops, nicolae_diamond_shop,
          nicolae_shoals_spectral_cove
Snake:1:  layout_onion_interference, nicolae_large_snake_swirl
Snake:2:  layout_onion, nicolae_fountain_basement
Snake:3:  layout_layer_cave
Snake:4:  grunt_snake_rune_serpentine_throne, layout_onion,
          ebering_ghost_disaster_area, minmay_shoptagon
Orc:1:    layout_caves
Orc:2:    st_orc_town, layout_caves, basic_altar, serial_shops,
          nicolae_shop_window_shopping, uniq_donald, uniq_azrael

Skill      XL: |  1  2  3  4  5  6  7  8  9 10 11 12 13 14 15 16 17 18 |
---------------+-------------------------------------------------------+-----
Ranged Weapons | 5 6 8 10 11 13 15 16 17 19 20 | 20.0
Fighting       | 3 4 6 8 9 10 12 14 15 17 19 20 | 20.0
Armour         | 3 4 5 7 8 9 |  9.0
Dodging        | 2 3 4 5 7 9 11 13 14 | 14.2
Stealth        | |  1.1

Action                     |  1- 3 |  4- 6 |  7- 9 | 10-12 | 13-15 | 16-18 || total
---------------------------+-------+-------+-------+-------+-------+-------++-------
   Fire: Shortbow          |   155 |    13 |       |       |       |       ||   168
         Orcbow            |       |   105 |   266 |   589 |   118 |       ||  1078
         Longbow           |       |       |       |       |  1324 |   814 ||  2138
    Use: Scroll            |     3 |     5 |    10 |     6 |    13 |     9 ||    46
         Potion            |       |     1 |     5 |     1 |     5 |     2 ||    14
 Armour: Leather armour    |    50 |       |       |       |       |       ||    50
         Ring mail         |       |    43 |    61 |    81 |       |       ||   185
         Troll leather arm |       |       |       |    67 |       |       ||    67
         Robe              |       |       |       |       |   297 |   287 ||   584
  Dodge: Dodged            |    56 |    30 |    41 |   212 |   582 |   674 ||  1595
  Block: Other             |       |       |       |       |       |    43 ||    43
         Reflection        |       |       |       |       |       |     9 ||     9

Table legend:
 A = Non-vault XP
 B = Vault XP
 C = Vault XP percentage of total XP
 D = Non-vault monster count
 E = Vault monster count
 F = Vault count percentage of total count
                 A         B        C        D         E       F
            +---------+---------+-------+---------+---------+-------
      Total |  180142 |   81177 |  31.1 |     689 |     275 |  28.5
            +---------+---------+-------+---------+---------+-------
        D:1 |      48 |       0 |   0.0 |      29 |       0 |   0.0
        D:2 |      45 |       0 |   0.0 |      19 |       0 |   0.0
        D:3 |     167 |     203 |  54.9 |      21 |      12 |  36.4
        D:4 |     229 |      23 |   9.1 |      17 |       6 |  26.1
        D:5 |     807 |       0 |   0.0 |      16 |       0 |   0.0
        D:6 |     514 |      96 |  15.7 |      18 |       1 |   5.3
        D:7 |    1438 |     417 |  22.5 |      19 |       3 |  13.6
        D:8 |    2536 |      24 |   0.9 |      40 |      11 |  21.6
        D:9 |     759 |    1580 |  67.6 |      21 |       8 |  27.6
       D:10 |    2002 |    1258 |  38.6 |      15 |       3 |  16.7
       D:11 |    4656 |    2062 |  30.7 |      22 |      12 |  35.3
       D:12 |    3761 |       0 |   0.0 |      30 |       0 |   0.0
       D:13 |    5414 |    7600 |  58.4 |      11 |      22 |  66.7
       D:14 |    6727 |    1973 |  22.7 |      15 |       3 |  16.7
       D:15 |    3888 |    4545 |  53.9 |       5 |       6 |  54.5
     Lair:1 |    3492 |    5075 |  59.2 |       8 |      15 |  65.2
     Lair:2 |    7077 |       0 |   0.0 |      29 |       0 |   0.0
     Lair:3 |   13676 |    1979 |  12.6 |      34 |       8 |  19.0
     Lair:4 |    7516 |       0 |   0.0 |      26 |       0 |   0.0
     Lair:5 |    6577 |    8516 |  56.4 |      23 |      17 |  42.5
   Shoals:1 |   20683 |     338 |   1.6 |      34 |       1 |   2.9
   Shoals:2 |   11067 |    7123 |  39.2 |      23 |       8 |  25.8
   Shoals:3 |   14756 |    6362 |  30.1 |      30 |      12 |  28.6
    Snake:1 |   11151 |       0 |   0.0 |      20 |       0 |   0.0
    Snake:2 |   13660 |    4214 |  23.6 |      28 |       6 |  17.6
    Snake:3 |   15318 |       0 |   0.0 |      28 |       0 |   0.0
    Snake:4 |   13540 |   11323 |  45.5 |      30 |      17 |  36.2
      Orc:1 |    4172 |     402 |   8.8 |      47 |       4 |   7.8
      Orc:2 |    4466 |   11576 |  72.2 |      31 |      63 |  67.0
      Sewer |       0 |     584 | 100.0 |       0 |      27 | 100.0
   Gauntlet |       0 |    3904 | 100.0 |       0 |      10 | 100.0
            +---------+---------+-------+---------+---------+-------
